 Dungeon Crawl Stone Soup version 0.30-a0-55-g90e3122c3a (webtiles) character file.

Game seed: 12523777833163777292

58 Decritt the Trooper (level 4, -5/29 HPs)
             Began as a Gargoyle Fighter on Sept 10, 2022.
             Slain by a goblin
             ... wielding a +1 dagger of distortion
              (11 damage)
             ... on level 2 of the Dungeon.
             The game lasted 00:01:58 (1438 turns).

Decritt the Trooper (Gargoyle Fighter)              Turns: 1438, Time: 00:01:59

Health: -5/29      AC: 12    Str: 22    XL:     4   Next: 1%
Magic:  4/4        EV:  9    Int:  8    God:
Gold:   76         SH:  4    Dex:  9    Spells: 3/3 levels left

rFire   . . .      SeeInvis .    a - +0 flail
rCold   . . .      Faith    .    c - +0 buckler
rNeg    + . .      Spirit   .    b - +0 scale mail
rPois   ∞          Reflect  .    (no helmet)
rElec   +          Harm     .    j - +0 cloak
rCorr   .          Rampage  .    h - +0 pair of gloves
Will    .....                    (no boots)
Stlth   ..........               (no amulet)
HPRegen 0.09/turn                (no ring)
MPRegen 0.09/turn                (no ring)

@: no status effects
A: sickness immunity, AC +3, negative energy resistance 1, electricity
resistance, torment resistance 1, petrification resistance
a: no special abilities


You were on level 2 of the Dungeon.
You visited 1 branch of the dungeon, and saw 2 of its levels.

You collected 76 gold pieces.

Inventory:

Hand Weapons
 a - a +0 flail (weapon)
Armour
 b - a +0 scale mail (worn)
 c - a +0 buckler (worn)
 h - a +0 pair of gloves (worn)
 j - a +0 cloak (worn)
Scrolls
 e - a scroll of magic mapping {unknown}
 i - 2 scrolls of identify {unknown}
 k - a scroll of teleportation {unknown}
Potions
 d - 2 potions of might
 f - a potion of mutation {unknown}
 g - a potion of curing {unknown}
 l - a potion of flight {unknown}
 m - a potion of degeneration {unknown}
 n - a potion of haste {unknown}


   Skills:
 * Level 4.0 Fighting
 * Level 2.8 Maces & Flails
 + Level 3.6 Armour
 + Level 3.7 Shields


You had 3 spell levels left.
You didn't know any spells.
Your spell library was empty.

Dungeon Overview and Level Annotations

Branches:
Dungeon (2/15)

Altars:
Cheibriados


Innate Abilities, Weirdness & Mutations

You are immune to sickness and miasma.
Your stone body is resilient. (AC +3)
You are immune to poison.
You resist negative energy. (rN+)
You are resistant to electric shocks. (rElec)
You are resistant to unholy torment.
You are immune to petrification.


Message History

No target in view!
No target in view!
A dart slug comes into view.
The dart slug launches a dart at you.
The slug dart hits you but does no damage.
The dart slug bites you but does no damage.
You sock the dart slug!
You kill the dart slug!
No target in view!
No target in view!
A rat and an endoplasm come into view.
The endoplasm quivers.
You sock the rat!
You kill the rat!
The endoplasm freezes you.
You are frozen.
You hit the endoplasm.
You kill the endoplasm!
You have reached level 4!
You feel stronger.
Found a club.
No target in view!
No target in view!
Found a stone staircase leading up.
You open the door.
A goblin comes into view.
It is wielding a +1 dagger of distortion.
You barely miss the goblin. The goblin hits you but does no damage.
The goblin closely misses you.
You barely miss the goblin. You block the goblin's attack.
You barely miss the goblin. The goblin hits you but does no damage.
You blink.
You closely miss the goblin. You block the goblin's attack.
You closely miss the goblin. The goblin hits you but does no damage.
You blink.
The goblin hits you but does no damage. Space warps horribly around you!!
Ouch! That really hurt!
* * * LOW HITPOINT WARNING * * *
Unknown command.
You barely miss the goblin. The goblin hits you but does no damage.
Space warps horribly around you!
You die...

#.#.# #.#####
#.#.#.# #.##...
#.#.#.# #.##...
#.#.#.#######.##...
#.#...........##...
#.###.#####........
#.###.# ##.####...
#.#...####..# #...
#.@...##...## ####.
###g§....### #..+.
#....########.##.
####.##.....#.##.
..##.....#.##.
....+..........
######.....#.#..
#######.#..
####.#..


You could see a goblin.

Vanquished Creatures
  2 adders (D:2)
  2 dart slugs
  5 bats
  7 endoplasms
  3 giant cockroaches
  4 goblins
  A hobgoblin (D:1)
  A quokka (D:1)
  4 ball pythons (D:1)
  A kobold (D:2)
  5 rats
35 creatures vanquished.

Notes
Turn   | Place    | Note
-------+----------+-------------------------------------------
     0 | D:1      | Decritt the Gargoyle Fighter began the quest for the Orb.
     0 | D:1      | Reached XP level 1. HP: 14/14 MP: 1/1
   168 | D:1      | Found a faded altar of an unknown god.
   270 | D:1      | Reached XP level 2. HP: 13/19 MP: 2/2
   847 | D:1      | Reached XP level 3. HP: 24/24 MP: 3/3
  1256 | D:2      | Reached skill level 4 in Fighting
  1295 | D:2      | Found a snail-covered altar of Cheibriados.
  1350 | D:2      | Reached XP level 4. HP: 24/29 MP: 4/4
  1438 | D:2      | Slain by a goblin

Illustrated notes

Levels and vault maps discovered:
D:1:      minmay_arrival_jagged, layout_loops_corners,
          hellmonk_ecumenical_altar_arch_garden
D:2:      layout_basic, basic_altar, fountainhead

Skill      XL: |  1  2  3 |
---------------+----------+-----
Fighting       | 4 |  4.0
Maces & Flails | |  2.8
Armour         | |  3.6
Shields        | |  3.7

Action                   |  1- 3 |  4- 6 || total
-------------------------+-------+-------++-------
Melee: Flail             |   103 |     6 ||   109
Armor: Scale mail        |    59 |     5 ||    64
Dodge: Dodged            |    55 |     1 ||    56
Block: Buckler           |    22 |     2 ||    24

Table legend: (Time is in decaauts)
 A = Elapsed time spent in this place.
 B = Non-inter-level travel time spent in this place.
 C = Inter-level travel time spent in this place.
 D = Time resting spent in this place.
 E = Time spent auto-exploring this place.
 F = Levels seen in this place.
 G = Mean time per level.
                   A        B        C        D        E       F      G
               +--------+--------+--------+--------+--------+-----+--------+
         Total |   1471 |   1459 |     12 |      0 |   1181 |   2 |  735.5 |
       Dungeon |   1471 |   1459 |     12 |      0 |   1181 |   2 |  735.5 |
               +--------+--------+--------+--------+--------+-----+--------+

Top non-repeatable levels by time:
     D:1: 1017 daAuts
     D:2: 453 daAuts
